 Dungeon Crawl Stone Soup version 0.31-a0-473-g61b50ae490 (webtiles) character file.

Game seed: 9017247781218087714

1964670 jt the Sensei (level 27, 211/211 HPs)
             Began as an Octopode Shapeshifter on Aug 6, 2023.
             Was the Champion of Qazlal.
             Escaped with the Orb
             ... and 3 runes on Aug 8, 2023!
             The game lasted 05:42:19 (58508 turns).

jt the Sensei (Octopode Shapeshifter)              Turns: 58508, Time: 05:42:20

Health: 211/211    AC: 24    Str: 22    XL:     27
Magic:  47/47      EV: 60    Int: 23    God:    Qazlal [******]
Gold:   5375       SH:  8    Dex: 32    Spells: 17/49 levels left

rFire   + +          +
                       - Unarmed
rCold   + . .        Q - melded +1 buckler "Jacips" {Regen+ Int-5 Dex+3}
rNeg    + + .        l - melded +2 hat {Will+}
rPois   ∞            n - amulet "Eleur" {RegenMP rElec Str+4}
rElec   +            x - ring of Xom's Flight of Fancy {AC+4 Dex+5 Slay+3}
rCorr   +            X - ring of Seceun {Str+4 Int+2 SInv}
SInv    +            a - ring of protection from cold
Will    +++..        p - ring "Ykairr" {Drain rF+ rN+ MP+9}
Stlth   +            M - ring "Kegeur" {+Blink rN+ rCorr}
HPRegen 0.55/turn    f - ring of Liapnuet {Fly Str+4 Int+3 Dex+6}
MPRegen 0.70/turn    U - ring "Gehunkid" {rElec rF++ AC+4}
                     e - ring of willpower

%: repel missiles
@: storm-form, blinkbolt cooldown, flying, studying 4 skills
A: cleaving, insubstantial, flying, almost no armour, amphibious, 8 rings,
(camouflage 1), (gelatinous body 1), (nimble swimmer 1), (tentacles), (antennae
1), (large bone plates 2), agile 1, weak 2
0: Orb of Zot
}: 3/15 runes: serpentine, barnacled, slimy
a: Blinkbolt, Begin Untransformation, Renounce Religion, Evoke Blink, Upheaval,
Elemental Force, Disaster Area


You escaped.
You worshipped Qazlal.
Qazlal was exalted by your worship.
You were a lightning-filled tempest!
You visited 11 branches of the dungeon, and saw 52 of its levels.
You completed 1 ziggurat, and saw 27 of its levels.
You also visited: Trove, Sewer, Gauntlet, Ice Cave, Volcano and Desolation.

You collected 8282 gold pieces.
You spent 2907 gold pieces at shops.

Inventory:

Hand Weapons
 o - the +5 Lochaber axe {reach-cleave, Poleaxe Drain}
   (You found it on level 11 of a ziggurat)

   Poleaxe:   It uses either Axes or Polearms skill, whichever is higher.
   Drain:     It drains your maximum health when unequipped.
 w - a +9 demon whip of venom
Armour
 h - the sphere of Battle
   (You found it on level 5 of the Pits of Slime)

   It enhances your destructive magic.
   It weakens your non-destructive magic.
   It summons a battlesphere in combat, with strength depending on Conjurations
   skill.
 l - a +2 hat of willpower (melded)
 Q - the +1 buckler "Jacips" (melded) {Regen+ Int-5 Dex+3}
   (You acquired it on level 4 of the Lair of Beasts)

   Int:       It affects your intelligence (-5).
   Dex:       It affects your dexterity (+3).
   Regen:     It increases your rate of health regeneration.
 W - the +2 hood of the Assassin {Detect Stab+ Stlth++}
   (You found it on level 15 of a ziggurat)

   Detect:    It allows the wearer to sense nearby creatures.
   Stab+:     It allows the wearer to make particularly effective stabbing
   attacks against helpless or unaware enemies with any weapon.
   Stlth:     It makes you much more stealthy.
Jewellery
 a - a ring of protection from cold (on tentacle)
 b - the amulet of Lonwy {rF- rC++ Regen+ Dex+4}
   (You found it on level 27 of a ziggurat)

   [amulet of regeneration]

   Dex:       It affects your dexterity (+4).
   rF:        It makes you vulnerable to fire.
   rC:        It greatly protects you from cold.
   Regen:     It increases your rate of health regeneration.
 e - a ring of willpower (on tentacle)
 f - the ring of Liapnuet (on tentacle) {Fly Str+4 Int+3 Dex+6}
   (You found it in the Desolation of Salt)

   [ring of dexterity]

   Str:       It affects your strength (+4).
   Int:       It affects your intelligence (+3).
   Dex:       It affects your dexterity (+6).
   Fly:       It grants you flight.
 k - the ring "Layra" {Str+6 Int+4 Dex+2}
   (You found it on level 16 of a ziggurat)

   [ring of strength]

   Str:       It affects your strength (+6).
   Int:       It affects your intelligence (+4).
   Dex:       It affects your dexterity (+2).
 n - the amulet "Eleur" (around neck) {RegenMP rElec Str+4}
   (You found it in a treasure trove)

   [amulet of magic regeneration]

   It increases your rate of magic regeneration.
   Str:       It affects your strength (+4).
   rElec:     It insulates you from electricity.
 p - the ring "Ykairr" (on tentacle) {Drain rF+ rN+ MP+9}
   (You bought it in a shop on level 4 of the Snake Pit)

   [ring of magical power]

   rF:        It protects you from fire.
   rN:        It protects you from negative energy.
   MP:        It affects your magic capacity (+9).
   Drain:     It drains your maximum health when unequipped.
 x - the ring of Xom's Flight of Fancy (left tentacle) {AC+4 Dex+5 Slay+3}
   (You found it on level 11 of a ziggurat)

   [ring of protection]

   AC:        It affects your AC (+4).
   Dex:       It affects your dexterity (+5).
   Slay:      It affects your accuracy & damage with ranged weapons and melee
   (+3).
 M - the ring "Kegeur" (on tentacle) {+Blink rN+ rCorr}
   (You found it on level 25 of a ziggurat)

   [ring of positive energy]

   rN:        It protects you from negative energy.
   +Blink:    It lets you blink.
   rCorr:     It protects you from acid and corrosion.
 N - the dreamshard necklace {Acrobat *Dream}
   (You found it on level 26 of a ziggurat)

   [amulet of the acrobat]

   *Dream:    It absorbs a single lethal wound into itself, holding its wearer
   just short of death and releasing dream-creatures to guard them.
   It increases your evasion while moving and waiting.
 U - the ring "Gehunkid" (on tentacle) {rElec rF++ AC+4}
   (You found it on level 7 of a ziggurat)

   [ring of protection]

   AC:        It affects your AC (+4).
   rF:        It greatly protects you from fire.
   rElec:     It insulates you from electricity.
 X - the ring of Seceun (right tentacle) {Str+4 Int+2 SInv}
   (You found it on level 21 of a ziggurat)

   [ring of see invisible]

   Str:       It affects your strength (+4).
   Int:       It affects your intelligence (+2).
   SInv:      It lets you see invisible.
Talismans
 i - a storm talisman (active)
 q - a talisman of death
 u - a granite talisman
Wands
 E - a wand of flame (142)
 J - a wand of roots (114)
 K - a wand of digging (53)
 Z - a wand of light (44)
Scrolls
 r - 4 scrolls of fear
 v - 10 scrolls of poison
 y - 3 scrolls of enchant armour
 z - 14 scrolls of immolation
 A - 3 scrolls of blinking
 D - 28 scrolls of teleportation
 F - 14 scrolls of vulnerability
 I - 14 scrolls of fog
 O - 3 scrolls of silence
 S - 9 scrolls of revelation
 T - 2 scrolls of summoning
Potions
 c - 19 potions of curing
 d - a potion of resistance
 j - 5 potions of haste
 m - 4 potions of heal wounds
 C - 4 potions of ambrosia
 G - 2 potions of berserk rage
 H - 9 potions of brilliance
 L - 3 potions of enlightenment
 P - 2 potions of invisibility
 R - 3 potions of magic
 V - 5 potions of cancellation
 Y - 24 potions of mutation
Miscellaneous
 g - a tin of tremorstones (2/2)
 s - a phantom mirror
 t - a phial of floods
 B - a +1 figurine of a ziggurat


   Skills:
 + Level 23.3 Fighting
 + Level 20.7 Dodging
 - Level 5.0 Stealth
 - Level 10.0 Shields
 + Level 24.7 Unarmed Combat
 - Level 11.5 Spellcasting
 - Level 6.0 Conjurations
 - Level 15.8 Translocations
 - Level 5.0 Transmutations
 - Level 8.0 Ice Magic
 - Level 6.0 Air Magic
 + Level 23.8 Invocations
 - Level 5.0 Evocations
 + Level 24.1 Shapeshifting


You had 17 spell levels left.
You knew the following spells:

 Your Spells              Type           Power      Damage    Failure   Level
a - Ozocubu's Armour      Ice            50%        N/A       1%          3
b - Frozen Ramparts       Ice            100%       1d16      1%          3
c - Blink                 Tloc           100%       N/A       0%          2
d - Vhi's Electric Charg  Tloc/Air       100%       N/A       1%          3
e - Manifold Assault      Tloc           72%        N/A       1%          4
f - Passage of Golubria   Tloc           72%        N/A       1%          4
g - Apportation           Tloc           100%       N/A       0%          1
h - Iskenderun's Mystic   Conj/Tloc      59%        2d12      1%          4
i - Dispersal             Tloc           36%        N/A       1%          6
j - Wereblood             Tmut           36%        N/A       1%          2

Your spell library contained the following spells:

 Spells                   Type           Power      Damage    Failure   Level
 Lesser Beckoning         Tloc           100%       N/A       0%          2
 Foxfire                  Conj/Fire      100%       2x1d9     1%          1
 Freeze                   Ice            100%       1d10      1%          1
 Kiss of Death            Conj/Necr      100%       2d13      1%          1
 Magic Dart               Conj           100%       1d8       1%          1
 Shock                    Conj/Air       100%       1d9       1%          1
 Sting                    Tmut/Pois      96%        1d7       1%          1
 Ensorcelled Hibernation  Hex/Ice        62%        N/A       1%          2
 Momentum Strike          Conj/Tloc      100%       3d10      1%          2
 Searing Ray              Conj           80%        2d7       1%          2
 Static Discharge         Conj/Air       80%        2-6/arc   1%          2
 Gell's Gravitas          Tloc           72%        N/A       1%          3
 Hailstorm                Conj/Ice       45%        3d10      1%          3
 Portal Projectile        Hex/Tloc       98%        N/A       1%          3
 Swiftness                Air            40%        N/A       1%          3
 Teleport Other           Tloc           72%        N/A       1%          3
 Volatile Blastmotes      Fire/Tloc      98%        2d18      1%          3
 Passwall                 Tmut/Erth      20%        N/A       2%          2
 Poisonous Vapours        Pois/Air       54%        N/A       2%          2
 Mephitic Cloud           Conj/Pois/Air  31%        N/A       2%          3
 Cigotuvi's Dreadful Rot  Necr/Pois/Air  44%        N/A       3%          2
 Necrotise                Necr           52%        1d6       4%          1
 Sandblast                Erth           26%        2d8       4%          1
 Slow                     Hex            52%        N/A       4%          1
 Summon Small Mammal      Summ           52%        N/A       4%          1
 Dazzling Flash           Conj/Hex       54%        N/A       4%          3
 Stone Arrow              Conj/Erth      54%        3d10      4%          3
 Airstrike                Air            20%        2d(3-19)  4%          4
 Summon Forest            Summ/Tloc      24%        N/A       5%          5
 Call Imp                 Summ           26%        N/A       8%          2
 Scorch                   Fire           26%        2d6       8%          2
 Ignite Poison            Fire/Tmut/Pois 20%        N/A       8%          3
 Freezing Cloud           Conj/Ice/Air   21%        6-21      9%          5
 Summon Ice Beast         Ice/Summ       31%        N/A       10%         4
 Arcjolt                  Conj/Air       20%        1d30      12%         5
 Iskenderun's Battlesphe  Conj           40%        2d9       12%         5
 Call Canine Familiar     Summ           13%        N/A       14%         3
 Confusing Touch          Hex            13%        N/A       14%         3
 Inner Flame              Hex/Fire       13%        N/A       14%         3
 Summon Guardian Golem    Hex/Summ       13%        N/A       14%         3
 Tukima's Dance           Hex            13%        N/A       14%         3
 Vampiric Draining        Necr           13%        2d6       14%         3
 Flame Wave               Conj/Fire      27%        2d9       14%         4
 Fulminant Prism          Conj/Hex       13%        3d9       14%         4
 Sticky Flame             Conj/Fire      27%        2d5       14%         4
 Summon Lightning Spire   Summ/Air       27%        N/A       14%         4
 Irradiate                Conj/Tmut      19%        3d18      14%         5
 Petrify                  Tmut/Erth      24%        N/A       17%         4
 Metabolic Englaciation   Hex/Ice        15%        N/A       26%         5
 Fireball                 Conj/Fire      13%        3d7       36%         5
 Silence                  Hex/Air        13%        N/A       36%         5
 Anguish                  Hex/Necr       6%         N/A       43%         4
 Animate Dead             Necr           13%        N/A       43%         4
 Cause Fear               Hex            6%         N/A       43%         4
 Dispel Undead            Necr           13%        3d9       43%         4
 Leda's Liquefaction      Hex/Erth       6%         N/A       43%         4
 Olgreb's Toxic Radiance  Pois           13%        N/A       43%         4
 Alistair's Intoxication  Tmut/Pois      16%        N/A       43%         5
 Yara's Violent Unravell  Hex/Tmut       12%        3d7       43%         5
 Disjunction              Tloc           36%        N/A       43%         8
 Conjure Ball Lightning   Conj/Air       20%        3x3d6     54%         6
 Agony                    Necr           13%        N/A       80%         5
 Borgnjor's Vile Clutch   Necr/Erth      6%         N/A       80%         5
 Lee's Rapid Deconstruct  Erth           6%         3d6*      80%         5
 Summon Mana Viper        Hex/Summ       13%        N/A       80%         5
 Simulacrum               Ice/Necr       15%        N/A       82%         6
 Ozocubu's Refrigeration  Ice            25%        4d13      83%         7
 Malign Gateway           Summ/Tloc      24%        N/A       85%         7
 Leda's Unmaking          Conj/Erth      13%        9d3       91%         6
 Plasma Beam              Fire/Air       13%        2x1d24    91%         6
 Starburst                Conj/Fire      13%        6d6       91%         6
 Eringya's Noxious Bog    Tmut/Pois      12%        4d6       95%         6
 Orb of Destruction       Conj           20%        9d8       98%         7
 Death Channel            Necr           6%         N/A       100%        6
 Summon Cactus Giant      Summ           6%         N/A       100%        6
 Enfeeble                 Hex            6%         N/A       100%        7
 Monstrous Menagerie      Summ           6%         N/A       100%        7
 Spellforged Servitor     Conj/Summ      13%        N/A       100%        7
 Summon Hydra             Summ           6%         N/A       100%        7
 Discord                  Hex            6%         N/A       100%        8
 Ignition                 Fire           6%         3d4       100%        8
 Infestation              Necr           6%         N/A       100%        8
 Lehudib's Crystal Spear  Conj/Erth      13%        10d5      100%        8
 Maxwell's Capacitive Co  Air            20%        ∞         100%        8
 Summon Horrible Things   Summ           6%         N/A       100%        8
 Chain Lightning          Conj/Air       20%        3d26      100%        9
 Death's Door             Necr           6%         N/A       100%        9
 Dragon's Call            Summ           6%         N/A       100%        9
 Fire Storm               Conj/Fire      13%        8d4       100%        9
 Polar Vortex             Ice            25%        12d3*     100%        9
 Sublimation of Blood     Necr           Unusable   N/A       N/A         2
 Animate Armour           Summ/Erth      Unusable   N/A       N/A         4

Dungeon Overview and Level Annotations

Branches:
Dungeon (15/15)            Temple (1/1) D:5            Lair (5/5) D:11
 Shoals (4/4) Lair:2        Snake (4/4) Lair:3        Slime (5/5) Lair:5
    Orc (2/2) D:12            Elf (3/3) Orc:2        Vaults (4/5) D:13
  Crypt (0/3) Vaults:2     Depths (4/4) D:15            Zot (5/5) Depths:4
  Sewer (visited)           IceCv (visited)         Volcano (visited)
Desolation (visited)      Gauntlet (visited)

Altars:
Ashenzari
Cheibriados
Dithmenos
Elyvilon
Fedhas
Gozag
Hepliaklqana
Kikubaaqudgha
Makhleb
Nemelex Xobeh
Okawaru
Qazlal
Ru
Sif Muna
Trog
Uskayaw
Vehumet
Wu Jian
Xom
Yredelemnul
Zin
The Shining One
Jiyva

Shops:
D:2 (   D:9 (   Orc:2 *[?:   Elf:2 *   Snake:3 (   Snake:4 ::=   Vaults:2 (
Depths:1 ?

Portals:
Hell: Depths:1 Depths:2 Depths:3 Depths:4
Abyss: Depths:3
Pandemonium: Depths:2 Depths:4

Annotations:
Lair:1 3 runed translucent doors, Ge0ff's ghost, journeyman VSFE
Slime:4 Dissolution
Elf:2 3 runed translucent doors


Innate Abilities, Weirdness & Mutations

You are a lightning-filled tempest!
Your electrical attacks strike out in all directions at once.
You are incredibly evasive.
Your insubstantial body is immune to petrification, constriction, and being set on fire You are flying.
Your armour is entirely melded.
You are incapable of wielding weapons or throwing items.
You cannot wear most types of armour.
You are amphibious.
You can wear up to eight rings at the same time.
You are immune to poison.
((Your skin changes colour to match your surroundings (Stealth+).))
((Your rubbery body absorbs attacks. (AC +1, EV +1)))
((You are camouflaged when in or above water. (Stealth+)))
((You have tentacles for arms and can constrict up to eight enemies at once.))
((You have a pair of small antennae on your head.))
((You are mostly covered in large bone plates. (SH +6)))
You are agile. (Dex +4, Str/Int -1)
You are very weak. (Str -4)


Message History

(P) Snake Pit (M) Slime Pits (O) Orcish Mines (E) Elven Halls (V) Vaults (C) Crypt (U) Depths (H) Hell (Z) Zot
Where to? (Enter - D:1 @ (x,y), ? - help) Magic restored.
You feel energetic enough to blinkbolt again.
HP restored.
There is a stone staircase leading up here.
You fly upwards.
There is a stone staircase leading down here.
A Tzitzimitl comes into view.
Casting: Vhi's Electric Charge (safe; 1% risk of failure)
Confirm with . or Enter, or press ? or * to list all spells.
You can't see any susceptible monsters within range! (Use Z to cast anyway.)
Aiming: Blinkbolt
Press: ? - help, Dir - move target, f - Tzitzimitl
Aim: a Tzitzimitl (91% to hit)
The shock of your passage hits the Tzitzimitl!!
The Tzitzimitl resists.
The Tzitzimitl is lightly wounded.
You blink.
You blast the Tzitzimitl!!!
You punch the Tzitzimitl!
The Tzitzimitl is severely wounded.
You blast the Tzitzimitl!!!
You kill the Tzitzimitl!
Qazlal accepts your kill.
Blink to where?
Press: ? - help, Dir - move target
As you read the scroll of blinking, it crumbles to dust.
A reaper comes into view. It is wielding a +0 scythe of venom.
Blink to where?
Press: ? - help, Dir - move target
As you read the scroll of blinking, it crumbles to dust.
The reaper moves out of view.
Blink to where?
Press: ? - help, Dir - move target
As you read the scroll of blinking, it crumbles to dust.
There is a staircase leading out of the dungeon here.
Your enlightenment fades.
You have escaped!

### #v####
##...####
#..§....######
#..○......§.[#####
##..............#.
###....#.........
#####..........
####.##....
#####...


There were no monsters in sight!

Vanquished Creatures
  the Royal Jelly (Slime:5)
  5 dread liches
  8 orbs of fire
  7 ancient liches
  A juggernaut (Zig:5)
  5 royal mummies
  A shard shrike (Depths:2)
  7 Killer Klowns
  Vv (Depths:3)
  20 pandemonium lords
  Saint Roka (Depths:2)
  2 curse toes (Zot:5)
  Nikola (Snake:1)
  12 golden dragons
  6 caustic shrikes
  2 profane servitors
  A golden dragon (shapeshifter) (Zig:26)
  A bone dragon (Depths:3)
  2 hellephants
  2 Brimstone Fiends
  A pearl dragon (Zig:12)
  4 electric golems
  A Tzitzimitl (D:1)
  An iron giant (Zig:8)
  3 Ice Fiends
  16 tentacled monstrosities
  22 Orb Guardians (Zot:5)
  3 walking crystal tomes
  2 Hell Sentinels
  Mlioglotl (Snake:2)
  8 deep elf master archers
  7 liches
  5 titans
  A walking frostbound tome (Depths:3)
  The ghost of Puodgh the Phalangite, an adept MfGl of Kikubaaqudgha (Depths:2)
  8 deep elf blademasters
  11 tentacled starspawn
  36 acid blobs
  6 quicksilver dragons
  A sphinx (shapeshifter) (Zig:26)
  8 ancient champions
  A kraken (Shoals:1)
  4 death cobs
  Polyphemus (Shoals:2)
  10 sphinxes
  2 thorn hunters
  Gastronok (Lair:3)
  4 shadow dragons
  4 revenants
  Donald (Shoals:2)
  5 tengu reavers
  A demonspawn warmonger (Zig:24)
  6 storm dragons
  Aizul (Snake:1)
  Kirke (Lair:3)
  8 draconian monks
  5 nagarajas (Snake:4)
  A daeva (Zig:22)
  6 emperor scorpions (Zig:25)
  14 rockslimes
  An azure jelly (shapeshifter) (Zig:26)
  A fire giant (shapeshifter) (Zig:26)
  An iron dragon (Depths:2)
  8 fire giants
  18 azure jellies
  11 frost giants
  A quicksilver elemental (Zig:22)
  9 draconian knights
  6 deep elf sorcerers
  4 balrugs
  An angel (Zig:11)
  15 draconian scorchers
  14 ghost moths
  7 deep elf elementalists
  2 emperor scorpions (shapeshifter) (Zig:26)
  3 draconian annihilators
  16 ironbound preservers
  16 vault wardens
  6 draconian shifters
  6 demonspawn corrupters
  A ghoul (Zig:15)
  3 curse skulls
  6 cacodemons
  3 broodmothers (Zig:25)
  6 reapers
  A stone giant (shapeshifter) (Zig:26)
  28 very ugly things
  8 draconian stormcallers
  A caustic shrike skeleton (Zig:9)
  11 formless jellyfish
  A spriggan defender (Depths:2)
  3 demonspawn blood saints (Zig:24)
  A juggernaut skeleton (Zig:9)
  A formless jellyfish (shapeshifter) (Zig:26)
  15 quicksilver oozes
  11 green draconians
  4 war gargoyles
  A quicksilver ooze (shapeshifter) (Zig:26)
  19 stone giants
  5 vampire knights
  9 ironbound thunderhulks
  2 demonspawn black suns
  A halazid warlock (Desolation)
  10 black draconians
  The ghost of flestrin the Convoker, a journeyman TeSu of Hepliaklqana (D:14)
  An eleionoma (Zig:13)
  20 deep elf demonologists
  24 deep elf annihilators
  A minotaur (shapeshifter) (Zig:26)
  4 lorocyprocas
  12 purple draconians
  14 yellow draconians
  4 bunyips (Zig:13)
  6 dire elephants
  A minotaur (Gauntlet)
  10 red draconians
  10 spark wasps
  A dire elephant (shapeshifter) (Zig:26)
  8 white draconians
  8 eidola
  Snorg (D:13)
  11 deep elf death magi
  A green death (Zig:22)
  4 blizzard demons
  4 crystal guardians
  11 deep elf high priests
  Josephine (D:13)
  11 ettins
  2 ragged hierophants (Desolation)
  7 merfolk impalers
  A shambling mangrove (Zig:13)
  2 jiangshi
  4 merfolk javelineers
  A mummy priest (Zig:9)
  8 fire dragons
  3 spriggan zombies
  22 great orbs of eyes
  14 hydras
  9 entropy weavers
  Fannar (D:11)
  12 servants of whispers (Desolation)
  A caustic shrike simulacrum (IceCv)
  13 yaktaur captains
  11 ice dragons
  4 catoblepae
  2 merfolk avatars
  12 peacekeepers
  3 vault guards
  A ghost crab (Gauntlet)
  3 radroaches (Zig:25)
  3 hell beasts
  A radroach (shapeshifter) (Zig:23)
  6 spriggan air magi
  8 ogre magi
  3 salamander tyrants
  2 merfolk aquamancers
  4 alligator snapping turtles
  4 centaur warriors
  3 jorogumos (Zig:25)
  15 ironbound frosthearts
  6 tengu warriors
  6 anacondas
  31 dancing weapons
  9 death yaks
  17 two-headed ogres
  A satyr (Shoals:4)
  11 boulder beetles
  5 death scarabs
  Urug (D:10)
  11 naga warriors
  A deep troll shaman (Depths:3)
  3 orc high priests
  4 vampire magi
  4 demonic crawlers (Zig:25)
  8 thrashing horrors
  12 naga sharpshooters
  10 spriggan berserkers
  A soul eater (D:14)
  7 deep troll earth magi
  6 shock serpents
  20 deep elf knights
  A crystal echidna (Zig:22)
  6 hell knights (Depths:4)
  Amaemon (D:10)
  5 wretched stars
  5 iron trolls
  4 spatial maelstroms
  2 shadow wraiths
  8 skysharks
  4 goliath frogs
  A sixfirhy (Zig:11)
  11 sea snakes
  3 pharaoh ants (Zig:25)
  A skeletal warrior (D:12)
  2 spriggan druids
  46 deep trolls
  3 goliath frogs (shapeshifter)
  13 orb spiders (Zig:25)
  9 orange crystal statues
  2 salamander mystics
  6 flayed ghosts
  4 shadow demons
  3 swamp dragons
  5 obsidian statues
  131 slime creatures
  39 starcursed masses
  3 naga ritualists
  A deep troll (shapeshifter) (Zig:26)
  A tengu zombie (Zig:6)
  7 glowing orange brains
  27 ironbound convokers
  13 lindwurms
  5 wizards
  27 deep elf archers
  2 steelbarb worms (shapeshifter)
  44 deep elf pyromancers
  2 steelbarb worms (Zig:25)
  6 phantasmal warriors
  8 mana vipers
  A lindwurm (shapeshifter) (Zig:23)
  32 deep elf zephyrmancers
  A necromancer (Depths:2)
  2 mana vipers (shapeshifter)
  21 harpies
  3 orc knights
  A will-o-the-wisp (Zig:13)
  2 fauns (Shoals:1)
  5 orc sorcerers
  6 shining eyes
  A shining eye (shapeshifter) (Zig:26)
  24 ugly things
  6 wolf spiders
  14 manticores
  A manticore (shapeshifter) (Zig:18)
  8 merfolk sirens
  2 cyclopes
  An iron dragon skeleton (Depths:2)
  12 elephants
  3 salamanders
  24 moths of wrath
  A fire giant skeleton (Depths:2)
  6 guardian serpents
  A guardian serpent (shapeshifter) (D:12)
  11 smoke demons
  2 black mambas (shapeshifter)
  5 apocalypse crabs
  29 vault sentinels
  14 naga magi
  An orange demon (D:11)
  6 torpor snails
  34 black mambas
  5 ice statues
  10 eyes of devastation
  7 water nymphs
  6 molten gargoyles
  4 hellions
  15 cane toads
  2 unseen horror zombies (D:9)
  5 unseen horrors
  5 tengu conjurers
  39 yaktaurs
  13 komodo dragons
  An ice devil (Zig:24)
  4 guardian mummies
  A silent spectre (Zig:12)
  4 freezing wraiths
  6 rime drakes
  3 anaconda simulacra (IceCv)
  An efreet (D:13)
  3 meliai (D:14)
  A troll (shapeshifter) (Zig:26)
  3 red devils (Volcano)
  5 golden dragon simulacra (IceCv)
  11 trolls
  A wind drake (shapeshifter) (D:15)
  5 polar bears
  2 hellwings
  12 ancient zymes
  3 wind drakes (Shoals:4)
  A merfolk (shapeshifter) (D:15)
  65 saltlings (Desolation)
  5 tarantellas (Zig:25)
  28 merfolk
  8 hornets
  4 tyrant leeches
  A raiju (Zig:22)
  13 snapping turtles
  14 dream sheep
  13 blink frogs
  A dream sheep (shapeshifter) (Zig:26)
  Sigmund (D:3)
  3 flying skulls (Zig:9)
  8 spriggans
  5 air elementals
  2 shadows (D:10)
  23 water elementals
  2 ynoxinuls (Zig:22)
  5 culicivoras
  6 fire bats (Volcano)
  A centaur simulacrum (D:14)
  6 jumping spiders
  4 wraiths
  44 yaks
  A vampire (D:11)
  6 wyverns
  12 basilisks
  10 fire elementals
  9 golden eyes
  2 redbacks
  4 hogs
  7 neqoxecs
  6 chaos spawn
  A naga (shapeshifter) (Depths:2)
  3 steam dragons
  8 wargs
  4 hydra simulacra (IceCv)
  46 nagas
  16 large abominations
  A harpy simulacrum (IceCv)
  18 water moccasins
  7 hell hounds
  A swamp worm (shapeshifter) (Zig:18)
  A water moccasin (shapeshifter) (Elf:3)
  A glowing shapeshifter zombie (Zig:9)
  3 swamp worms (D:9)
  An acid dragon (D:12)
  A floating eye (shapeshifter) (Zig:23)
  29 orc warriors
  An ice beast (Vaults:4)
  2 black bears
  A sky beast (D:7)
  2 alligator simulacra (IceCv)
  24 wolves
  27 ogres
  8 boggarts
  A wolf (shapeshifter) (Depths:2)
  5 centaurs
  3 kobold brigands
  A gnoll sergeant (D:11)
  7 bullfrogs
  A bullfrog (shapeshifter) (Zig:16)
  A necrophage (D:9)
  3 small abominations (Depths:3)
  A scorpion (shapeshifter) (Depths:2)
  5 scorpions
  6 earth elementals
  8 wights
  A lindwurm simulacrum (IceCv)
  7 killer bees (D:8)
  5 howler monkeys
  A howler monkey (shapeshifter) (Depths:2)
  12 lava snakes
  A crimson imp (D:5)
  A centaur zombie (D:9)
  A human zombie (D:9)
  4 hounds
  3 gnoll boudas
  12 orc priests
  2 jellies
  An iguana (D:5)
  17 orc wizards
  A sleepcap (D:6)
  Ijyb (D:3)
  A killer bee zombie (D:9)
  13 mummies
  2 howler monkey zombies (D:9)
  An adder (shapeshifter) (Depths:2)
  A gnoll (shapeshifter) (Zig:26)
  A river rat (shapeshifter) (D:15)
  9 adders
  19 gnolls
  3 river rats (Sewer)
  A shadow imp (Gauntlet)
  4 worms (D:14)
  2 dart slugs (shapeshifter) (Depths:2)
  3 dart slugs
  59 orcs
  9 endoplasms
  7 giant cockroaches
  A giant cockroach (shapeshifter) (Depths:2)
  10 goblins
  6 hobgoblins
  3 jackals (D:2)
  10 quokkas
  22 ball pythons
  8 bats
  6 frilled lizards
  A frilled lizard (shapeshifter) (Depths:2)
  16 kobolds
  24 rats
  2 butterflies
  15 starspawn tentacles
  2 tentacles (Shoals:1)
2950 creatures vanquished.

Vanquished Creatures (collateral kills)
  Jorgrun (D:13)
  A frost giant (Shoals:4)
  2 curse skulls (Zig:20)
  2 merfolk impalers (Shoals:4)
  3 anacondas
  A catoblepas (Shoals:2)
  A naga warrior (Snake:4)
  A shock serpent (Snake:2)
  A will-o-the-wisp (Zig:12)
  3 black mambas
  A naga mage (Snake:2)
  An elephant (Lair:1)
  A water nymph (Shoals:4)
  A freezing wraith (IceCv)
  A raiju (Zig:12)
  4 nagas
25 creatures vanquished.

Vanquished Creatures (others)
  A golden dragon (Zig:18)
  A deep elf master archer (Zig:21)
  An ancient champion (Zig:15)
  2 formless jellyfish
  A peacekeeper (Desolation)
  A demonic crawler (Zig:25)
  2 deep elf knights (Zig:21)
  A pharaoh ant (Zig:25)
  A steelbarb worm (Zig:25)
  A wizard (Vaults:4)
  A deep elf pyromancer (Zig:21)
  2 deep elf zephyrmancers
  A starcursed mass (Zig:11)
  A neqoxec (Zig:22)
  A warg (Depths:3)
  A water moccasin (Zig:19)
  An orc (D:8)
  11 foxfires
  21 starspawn tentacles
  8 tentacles (Shoals:1)
60 creatures vanquished.

Grand Total: 3035 creatures vanquished

Notes
Turn   | Place    | Note
-------+----------+-------------------------------------------
     0 | D:1      | jt the Octopode Shapeshifter began the quest for the Orb.
     0 | D:1      | Reached XP level 1. HP: 13/13 MP: 1/1
    90 | D:1      | Reached skill level 1 in Stealth
   153 | D:1      | Reached XP level 2. HP: 14/18 MP: 2/2
   464 | D:1      | Reached XP level 3. HP: 23/23 MP: 3/3
   488 | D:1      | Found a faded altar of an unknown god.
   495 | D:1      | Prayed at the altar of an unknown god.
   495 | D:1      | Became a worshipper of Qazlal Stormbringer
   495 | D:1      | Reached * piety under Qazlal
   573 | D:1      | You fall into a shaft and drop 1 floor!
   609 | D:2      | Reached XP level 4. HP: 29/29 MP: 4/4
   810 | D:2      | Found Faezigage's Weapon Shop.
   874 | D:1      | Reached XP level 5. HP: 34/34 MP: 5/5
  1480 | D:2      | Reached ** piety under Qazlal
  1931 | D:2      | Found Egoal's Magic Scroll Boutique.
  2140 | D:3      | Noticed Sigmund
  2145 | D:3      | Killed Sigmund
  2146 | D:3      | Reached XP level 6. HP: 33/42 MP: 6/6
  2353 | D:3      | HP: 2/42 [something/puff of flame (10)]
  2681 | D:3      | Found a shimmering altar of Xom.
  3041 | D:3      | Noticed Ijyb
  3048 | D:3      | Killed Ijyb
  3049 | D:3      | Reached XP level 7. HP: 37/46 MP: 7/7
  3255 | D:4      | Reached *** piety under Qazlal
  3269 | D:4      | Found a glowing drain.
  3278 | Sewer    | Entered a sewer
  3339 | Sewer    | Reached skill level 1 in Invocations
  3522 | Sewer    | Reached **** piety under Qazlal
  4536 | D:5      | Entered Level 5 of the Dungeon
  4542 | D:5      | Reached XP level 8. HP: 46/53 MP: 11/11
  4767 | D:5      | Reached skill level 5 in Invocations
  4827 | D:5      | Found a sparkling altar of Nemelex Xobeh.
  4964 | D:5      | Reached skill level 5 in Unarmed Combat
  4983 | D:5      | Found a staircase to the Ecumenical Temple.
  4993 | Temple   | Entered the Ecumenical Temple
  5270 | D:5      | Found a broken altar of Ashenzari.
  5506 | D:5      | Found a burning altar of Makhleb.
  5507 | D:5      | Found a radiant altar of Vehumet.
  5783 | D:6      | Reached skill level 5 in Dodging
  5787 | D:6      | Reached skill level 5 in Shapeshifting
  5957 | D:6      | Reached XP level 9. HP: 53/60 MP: 12/12
  6046 | D:6      | Reached skill level 5 in Fighting
  6606 | D:7      | Noticed a deep elf pyromancer
  6613 | D:7      | Killed a deep elf pyromancer
  6616 | D:7      | Reached ***** piety under Qazlal
  7025 | D:8      | Found an iron altar of Okawaru.
  7160 | D:8      | Identified the +0 ring mail of Indecent Exposure {rPois rF+
                  | rCorr Int+2}
  7236 | D:8      | Found a hide-covered altar of Uskayaw.
  7277 | D:8      | Reached XP level 10. HP: 68/68 MP: 14/14
  7746 | D:9      | Reached skill level 1 in Evocations
  7984 | D:9      | Found an ancient bone altar of Kikubaaqudgha.
  8035 | D:9      | Noticed a two-headed ogre
  8041 | D:9      | Killed a two-headed ogre
  8404 | D:9      | Identified the +5 quarterstaff of Weak Prudence {protect,
                  | Will+ Int-5 Dex+2}
  8444 | D:9      | Found Mayvoeh's Antique Weapon Shoppe.
  8533 | D:9      | Found a basalt altar of Yredelemnul.
  8534 | D:9      | Found a snail-covered altar of Cheibriados.
  8687 | D:9      | Reached XP level 11. HP: 75/75 MP: 16/16
  8823 | D:10     | Entered Level 10 of the Dungeon
  8945 | D:10     | Found a blossoming altar of Fedhas.
  9247 | D:10     | Noticed Urug
  9259 | D:10     | Killed Urug
  9366 | D:10     | Reached skill level 1 in Shields
  9636 | D:11     | Noticed Fannar
  9664 | D:11     | Noticed a boulder beetle
  9674 | D:11     | Killed a boulder beetle
  9698 | D:11     | Gained mutation: You are frail. (-10% HP) [potion of
                  | mutation]
  9698 | D:11     | Gained mutation: You are partially covered in iridescent
                  | scales. (AC +2) [potion of mutation]
  9814 | D:11     | Noticed a cyclops
  9815 | D:11     | Noticed a brown ugly thing
  9822 | D:11     | Noticed Amaemon
  9898 | D:10     | Killed a brown ugly thing
  9979 | D:10     | Killed Amaemon
 10173 | D:11     | Killed Fannar
 10319 | D:11     | Killed a cyclops
 10385 | D:11     | Found a staircase to the Lair.
 10399 | Lair:1   | Entered Level 1 of the Lair of Beasts
 10539 | Lair:1   | Reached XP level 12. HP: 50/75 MP: 18/18
 11031 | Lair:1   | Noticed a boulder beetle
 11036 | Lair:1   | Noticed a boulder beetle
 11047 | Lair:1   | Killed a boulder beetle
 11066 | Lair:1   | Killed a boulder beetle
 11484 | Lair:1   | Found a runed translucent gate.
 11484 | Lair:1   | Found a runed translucent gate.
 11484 | Lair:1   | Found a runed translucent gate.
 11490 | Lair:1   | Noticed Ge0ff's ghost (journeyman VSFE)
 12302 | Lair:2   | Reached skill level 5 in Shields
 12548 | Lair:2   | Noticed an eight-headed hydra
 12557 | Lair:2   | Killed an eight-headed hydra
 12738 | Lair:2   | Found a staircase to the Shoals.
 13131 | Lair:3   | Found a staircase to the Snake Pit.
 13191 | Lair:3   | Reached skill level 10 in Unarmed Combat
 13191 | Lair:3   | Reached XP level 13. HP: 66/81 MP: 20/20
 13257 | Lair:3   | Learned a level 3 spell: Ozocubu's Armour
 13297 | Lair:3   | Noticed Gastronok
 13310 | Lair:3   | Killed Gastronok
 13460 | Lair:3   | Found a glowing silver altar of Zin.
 13931 | Lair:3   | Reached skill level 10 in Dodging
 14063 | Lair:4   | Reached skill level 10 in Invocations
 14075 | Lair:4   | Reached skill level 10 in Fighting
 14307 | Lair:4   | Reached ****** piety under Qazlal
 14361 | Lair:4   | Noticed Nessos
 14368 | Lair:4   | Nessos changed into Nessos the harpy
 14368 | Lair:4   | Noticed Nessos
 14372 | Lair:4   | Killed Nessos the harpy
 14579 | Lair:4   | You fall into a shaft and drop 1 floor!
 14579 | Lair:5   | Entered Level 5 of the Lair of Beasts
 14584 | Lair:5   | Noticed a fire dragon
 14626 | Lair:5   | Reached XP level 14. HP: 32/89 MP: 13/22
 15157 | Lair:4   | Identified a scroll of acquirement
 15537 | Lair:5   | Found a viscous altar of Jiyva.
 15537 | Lair:5   | Found a staircase to the Slime Pits.
 15776 | Lair:5   | Reached skill level 5 in Evocations
 15933 | Lair:5   | Acquired the +1 buckler "Jacips" {Regen+ Int-5 Dex+3}
 16342 | Lair:5   | Found a large runed translucent door.
 16343 | Lair:5   | Found a large runed translucent door.
 16379 | Lair:5   | Identified the +9 flail of Salt {drain, rPois Str+3 Dex+3}
 17292 | D:12     | Found a staircase to the Orcish Mines.
 17713 | Orc:1    | Entered Level 1 of the Orcish Mines
 17739 | Orc:1    | Found a dark tunnel.
 17750 | Volcano  | Entered a volcano
 17874 | Volcano  | Reached skill level 10 in Shapeshifting
 17924 | Volcano  | Found a bloodstained altar of Trog.
 17947 | Volcano  | Found a bloodstained altar of Trog.
 18079 | Orc:2    | Entered Level 2 of the Orcish Mines
 18110 | Orc:2    | Reached XP level 15. HP: 83/96 MP: 23/23
 18136 | D:13     | Noticed Jorgrun
 18214 | D:13     | Killed Jorgrun
 18308 | D:13     | Noticed Snorg
 18321 | D:13     | Killed Snorg
 18622 | Snake:1  | Entered Level 1 of the Snake Pit
 18665 | Snake:1  | Noticed Kirke
 18742 | Shoals:1 | Entered Level 1 of the Shoals
 19224 | Orc:2    | Found Hainkar's Magic Scroll Emporium.
 19224 | Orc:2    | Found Iklaan's Book Shop.
 19225 | Orc:2    | Found Balaunam's Assorted Antiques.
 19225 | Orc:2    | Found Miucox's Antique Armour Emporium.
 19232 | Orc:2    | Bought a scroll of blinking for 112 gold pieces
 19232 | Orc:2    | Bought a scroll of revelation for 112 gold pieces
 19303 | Orc:2    | Found a staircase to the Elven Halls.
 20033 | Lair:3   | Reached skill level 1 in Ice Magic
 20034 | Lair:3   | Killed Kirke
 20035 | Lair:3   | Reached skill level 1 in Spellcasting
 20266 | Snake:1  | Noticed Nikola
 20266 | Snake:1  | Noticed Aizul
 20279 | Snake:1  | Killed Nikola
 20287 | Snake:1  | Killed Aizul
 20291 | Snake:1  | Reached XP level 16. HP: 68/102 MP: 19/25
 21172 | Snake:2  | Reached skill level 5 in Ice Magic
 21247 | Snake:2  | Noticed Mlioglotl
 21355 | Snake:2  | Killed Mlioglotl
 21696 | Snake:2  | Learned a level 3 spell: Frozen Ramparts
 22622 | Snake:3  | Found Xuopae's Weapon Boutique.
 22726 | Snake:4  | Entered Level 4 of the Snake Pit
 22994 | Snake:4  | Found Lingac's Jewellery Emporium.
 22994 | Snake:4  | Found Ditecu's Book Shop.
 22995 | Snake:4  | Found Matuellu's Book Shop.
 23009 | Snake:4  | Bought the ring "Ykairr" {Drain rF+ rN+ MP+9} for 489 gold
                  | pieces
 23527 | Snake:4  | Noticed a nagaraja
 23548 | Snake:4  | Killed a nagaraja
 23549 | Snake:4  | Reached XP level 17. HP: 109/109 MP: 27/27
 24081 | Snake:4  | Got a serpentine rune of Zot
 24418 | D:13     | Found a gate to the Vaults.
 24624 | D:13     | Noticed Josephine
 24659 | D:13     | Killed Josephine
 25033 | D:14     | Found a runed translucent gate.
 25033 | D:14     | Found a runed translucent gate.
 25033 | D:14     | Found a runed translucent gate.
 25033 | D:14     | Noticed flestrin's ghost (journeyman TeSu)
 25034 | D:14     | Found a gate leading to a gauntlet.
 25064 | D:14     | Reached skill level 1 in Translocations
 25105 | Gauntlet | Entered a Gauntlet
 25105 | Gauntlet | Found a transporter.
 25108 | Gauntlet | Found a transporter.
 25110 | Gauntlet | Found a transporter.
 25112 | Gauntlet | Found a transporter.
 25113 | Gauntlet | Found a transporter.
 25114 | Gauntlet | Found a transporter.
 25123 | Gauntlet | Found a transporter.
 25124 | Gauntlet | Found a transporter.
 25190 | Gauntlet | Found a transporter.
 25202 | Gauntlet | Found a transporter.
 25206 | Gauntlet | Found a transporter.
 25217 | Gauntlet | Found a transporter.
 25234 | Gauntlet | Found a runed translucent door.
 25296 | Gauntlet | Got the Parchment of Congelation
 25362 | Gauntlet | Identified the +0 cloak of Terror {Regen+ rCorr Str-5
                  | Int-3}
 25387 | Gauntlet | Identified the +8 lajatang "Okesuah" {flame, Fragile rPois
                  | Str+3 Dex+5}
 25641 | Snake:4  | Bought a manual of Spellcasting for 1360 gold pieces
 25641 | Snake:4  | Bought an Inescapable Atlas for 272 gold pieces
 25644 | Snake:4  | Learned a level 2 spell: Blink
 25977 | Shoals:1 | Noticed a kraken
 25990 | Shoals:1 | Killed a kraken
 26592 | Shoals:1 | Learned a level 3 spell: Vhi's Electric Charge
 26866 | Shoals:2 | Reached skill level 1 in Air Magic
 26896 | Shoals:2 | Reached XP level 18. HP: 117/117 MP: 28/28
 26913 | Shoals:2 | Noticed Donald
 26917 | Shoals:2 | Noticed Polyphemus
 26920 | Shoals:2 | Killed Donald
 26924 | Shoals:2 | Reached skill level 5 in Spellcasting
 26927 | Shoals:2 | Killed Polyphemus
 27055 | Shoals:2 | Identified the +0 chain mail of Privacy {rElec Dex+6}
 27707 | Shoals:3 | Reached skill level 5 in Translocations
 28261 | Shoals:4 | Entered Level 4 of the Shoals
 28653 | Shoals:4 | Identified the ring of Midnight {rC- Str+6 Int+8}
 28817 | Shoals:4 | Reached skill level 5 in Air Magic
 29126 | Shoals:4 | Identified the staff of the Reaper {rElec rF+ Dex+4 Earth}
 29533 | Shoals:4 | Got a barnacled rune of Zot
 29795 | Vaults:1 | Entered Level 1 of the Vaults
 29993 | Vaults:1 | Reached skill level 10 in Spellcasting
 30201 | Vaults:1 | Reached XP level 19. HP: 118/121 MP: 33/33
 30426 | Vaults:1 | Reached skill level 15 in Unarmed Combat
 31263 | Vaults:2 | Reached skill level 15 in Invocations
 31281 | Vaults:2 | Found a crumbling gateway.
 31295 | Desolati | Entered the Desolation of Salt
 31638 | Desolati | Identified the +5 mace of Grandeur {freeze, +Blink Fly
                  | Dex-3}
 31689 | Desolati | Identified the ring of Liapnuet {Fly Str+4 Int+3 Dex+6}
 31710 | Desolati | Got the Book of the Sun and Trauma
 31713 | Desolati | Got the Vellum of the Sandy Switch
 31731 | Desolati | Reached skill level 15 in Fighting
 32182 | Desolati | Identified the +10 chain mail of Daisies {rC+ rN+ Str+3
                  | Int-2}
 32234 | Desolati | Learned a level 4 spell: Manifold Assault
 32239 | Desolati | Learned a level 4 spell: Passage of Golubria
 32258 | Desolati | Got the Directory of the Valley
 32291 | Desolati | Got Kaesto's Tractate on Grit
 32365 | Desolati | Got the Parchment of Hexes
 32383 | Desolati | Identified the ring of Amaigr Ipeu {Fire Int+2}
 32403 | Desolati | Reached XP level 20. HP: 131/131 MP: 34/34
 32525 | Desolati | Identified the ring of Viyv {Dex+6 Stlth+}
 32743 | Vaults:2 | Found Pujudd's Weapon Shop.
 32997 | Vaults:2 | Found a staircase to the Crypt.
 33791 | Vaults:3 | You are sucked into a shaft and drop 1 floor!
 34563 | Vaults:3 | Identified the ring of Peleov {Int+2 SInv}
 34798 | Vaults:4 | Reached skill level 10 in Translocations
 34909 | Vaults:4 | Reached XP level 21. HP: 138/138 MP: 35/35
 35159 | Vaults:4 | Identified the +9 mace of the Wary Things {flame, rN+}
 36547 | D:14     | Found a bloodstained altar of Trog.
 36763 | D:14     | Killed flestrin's ghost
 36826 | D:15     | Entered Level 15 of the Dungeon
 36931 | D:15     | Found a frozen archway.
 36942 | IceCv    | Entered an ice cave
 37329 | D:15     | Found a staircase to the Depths.
 37436 | D:15     | Identified the +1 flail "Zoamukut" {speed, Fly rF+ Will+}
 37686 | D:15     | Found a glowing silver altar of Zin.
 37686 | D:15     | Found a glowing golden altar of the Shining One.
 37686 | D:15     | Found a white marble altar of Elyvilon.
 37708 | D:15     | Found a glowing golden altar of the Shining One.
 38029 | Depths:1 | Entered Level 1 of the Depths
 38238 | Depths:1 | Found Juckuur's Magic Scroll Shoppe.
 38246 | Depths:1 | Bought a scroll of blinking for 97 gold pieces
 38246 | Depths:1 | Bought 2 scrolls of revelation for 195 gold pieces
 38549 | Depths:1 | Found a portal to a secret trove of treasure.
 38604 | Depths:1 | Reached XP level 22. HP: 122/146 MP: 36/36
 38754 | Depths:1 | Found a gateway to Hell.
 38780 | Depths:1 | You are sucked into a shaft and drop 1 floor!
 39608 | Depths:2 | Found a large runed translucent door.
 39609 | Depths:2 | Found a large runed translucent door.
 39672 | Depths:2 | Noticed a royal mummy
 39905 | Depths:2 | Found a one-way gate leading to the halls of Pandemonium.
 40040 | Depths:2 | Found a runed translucent gate.
 40040 | Depths:2 | Found a runed translucent gate.
 40041 | Depths:2 | Found a runed translucent gate.
 40069 | Depths:2 | Learned a level 1 spell: Apportation
 40083 | Depths:2 | Found a runed translucent gate.
 40083 | Depths:2 | Found a runed translucent gate.
 40086 | Depths:2 | Noticed Puodgh's ghost (adept MfGl)
 40089 | Depths:2 | Found a runed translucent gate.
 40558 | Depths:2 | Killed a royal mummy
 41134 | Depths:2 | Noticed a shard shrike
 41139 | Depths:2 | Killed a shard shrike
 41360 | Depths:2 | Identified the +0 ring mail of Mikului {rF+}
 41578 | Depths:3 | Noticed Saint Roka
 41609 | Depths:2 | Killed Saint Roka
 41610 | Depths:2 | Reached XP level 23. HP: 154/154 MP: 37/37
 41854 | Depths:3 | Learned a level 4 spell: Iskenderun's Mystic Blast
 42044 | Depths:3 | Found a one-way gate to the infinite horrors of the Abyss.
 42205 | Depths:3 | Reached skill level 1 in Conjurations
 42494 | Depths:3 | Noticed Vv
 42604 | Depths:3 | Killed Vv
 42871 | Depths:4 | Entered Level 4 of the Depths
 43080 | Depths:4 | Noticed a caustic shrike
 43080 | Depths:4 | Noticed a caustic shrike
 43080 | Depths:4 | Noticed a caustic shrike
 43080 | Depths:4 | Noticed a caustic shrike
 43085 | Depths:4 | Killed a caustic shrike
 43089 | Depths:4 | Killed a caustic shrike
 43093 | Depths:4 | Killed a caustic shrike
 43097 | Depths:4 | Killed a caustic shrike
 43708 | Depths:4 | Found a gate to the Realm of Zot.
 44058 | Depths:4 | Found a one-way gateway to a ziggurat.
 44294 | Elf:1    | Entered Level 1 of the Elven Halls
 44871 | Elf:1    | Got the Vellum of Violence
 45221 | Elf:2    | Got the Compendium of Pneumatic Direction
 45253 | Elf:2    | Reached skill level 5 in Conjurations
 45792 | Elf:2    | Found Ughaf's Assorted Antiques.
 46071 | Elf:2    | Reached XP level 24. HP: 162/162 MP: 36/37
 46115 | Elf:2    | Found a runed translucent gate.
 46116 | Elf:2    | Found a runed translucent gate.
 46116 | Elf:2    | Found a runed translucent gate.
 46337 | Elf:3    | Entered Level 3 of the Elven Halls
 46696 | Elf:3    | Identified the +3 hand axe "Lecot" {holy, rC++}
 46712 | Elf:3    | Identified the +0 plate armour of Ygger {rN+ Dex+4}
 47293 | Elf:2    | Bought a scroll of blinking for 270 gold pieces
 47393 | Elf:3    | Identified the +0 scale mail of Wonder {+Blink rC+ rCorr
                  | Int+5}
 47533 | Elf:3    | Identified the +0 leather armour "Nyuna Leno" {rC- Int+5
                  | Dex-3 SInv}
 47577 | Elf:3    | Identified the +7 flail of Wemuenust {protect, *Noise rF+
                  | rN+ Dex+5}
 47730 | Elf:3    | Identified the staff of the Quick God {rPois rF++ Str+2
                  | Int+6 Poison}
 47740 | Elf:3    | Identified the +3 ring mail of the Bagpipe {Will+ Int+4}
 47792 | Elf:3    | Identified the ring "Zien" {rN+ Dex+5}
 47802 | Elf:3    | Identified the +1 pair of gloves of the Cartwright {rPois
                  | rCorr Dex-3 SInv}
 47940 | Elf:3    | Identified the +0 robe "Rumohut" {rF- MP+9 Slay+3}
 48071 | Elf:3    | Acquired 873 gold pieces
 48371 | Slime:1  | Entered Level 1 of the Pits of Slime
 48644 | Slime:3  | Gained mutation: You are weak. (Str -2) [a shining eye]
 48833 | Slime:5  | Entered Level 5 of the Pits of Slime
 49200 | Slime:5  | Reached skill level 15 in Dodging
 49579 | Slime:4  | Noticed Dissolution
 49772 | Slime:5  | Paralysed by a formless jellyfish for 1 turns
 49975 | Slime:5  | Noticed the Royal Jelly
 49996 | Slime:5  | Killed the Royal Jelly
 49997 | Slime:5  | Reached XP level 25. HP: 55/170 MP: 14/37
 50447 | Slime:5  | Found the sphere of Battle
 50449 | Slime:5  | Found the +8 frozen axe "Frostbite" {freeze, freezing
                  | cloud, *Noise Fly rC+}
 50470 | Slime:5  | Identified the +2 long sword of the Establishment {elec,
                  | rN++ Str-4 Dex+5}
 50500 | Slime:5  | Identified the +4 orcbow "Beast's Nightmare" {freeze, rN+
                  | Will+ Str+4 Stlth-}
 50501 | Slime:5  | Identified the +0 cloak of Beloved Leaves {rPois rC+ Int+2
                  | Stlth+}
 50503 | Slime:5  | Got a slimy rune of Zot
 51052 | Depths:1 | You showed the slimy rune of Zot to enter a treasure trove
 51053 | Trove    | Entered a treasure trove
 51077 | Trove    | Identified the amulet "Eleur" {RegenMP rElec Str+4}
 51081 | Trove    | Identified the amulet "Bucoemog" {Faith Harm Rampage +Blink
                  | rPois}
 51104 | Trove    | Got the Precepts of Cadavers and the Cure
 51106 | Trove    | Got the Tractate on Solid Energy
 51183 | Depths:1 | Learned a level 6 spell: Dispersal
 51307 | Zot:1    | Entered Level 1 of the Realm of Zot
 51388 | Zot:1    | Noticed an orb of fire
 51392 | Zot:1    | Gained mutation: You occasionally lose the ability to drink
                  | potions when taking damage. [an orb of fire]
 51393 | Zot:1    | Gained mutation: You are very weak. (Str -4) [an orb of
                  | fire]
 51397 | Zot:1    | Killed an orb of fire
 51408 | Zot:1    | Lost mutation: You occasionally lose the ability to drink
                  | potions when taking damage. [potion of mutation]
 51408 | Zot:1    | Lost mutation: You are frail. (-10% HP) [potion of
                  | mutation]
 51408 | Zot:1    | Lost mutation: You are partially covered in iridescent
                  | scales. (AC +2) [potion of mutation]
 51408 | Zot:1    | Gained mutation: You are partially covered in large bone
                  | plates. (SH +4) [potion of mutation]
 51408 | Zot:1    | Gained mutation: You are agile. (Dex +4, Str/Int -1)
                  | [potion of mutation]
 51408 | Zot:1    | Lost mutation: You are agile. (Dex +4, Str/Int -1) [potion
                  | of mutation]
 51408 | Zot:1    | Gained mutation: Your natural rate of healing is unusually
                  | fast. [potion of mutation]
 51496 | Depths:2 | Killed Puodgh's ghost
 51514 | Depths:2 | Identified the +0 cloak of the Engineer {rF+ Will+}
 51714 | Zig:1    | Entered Level 1 of a ziggurat
 51726 | Zig:2    | Entered Level 2 of a ziggurat
 51789 | Zig:3    | Entered Level 3 of a ziggurat
 51789 | Zig:3    | Noticed Xieseq the pandemonium lord
 51799 | Zig:3    | Killed Xieseq the pandemonium lord
 51887 | Zig:3    | Identified the +7 arbalest "Ylentaim" {heavy, +Blink rPois
                  | rF+ Dex-4}
 51897 | Zig:4    | Entered Level 4 of a ziggurat
 51932 | Zig:5    | Entered Level 5 of a ziggurat
 51939 | Zig:5    | Noticed a juggernaut
 51949 | Zig:5    | Killed a juggernaut
 51992 | Zig:6    | Entered Level 6 of a ziggurat
 51999 | Zig:6    | Noticed a royal mummy
 52015 | Zig:6    | Killed a royal mummy
 52105 | Zig:7    | Entered Level 7 of a ziggurat
 52150 | Zig:7    | Identified the ring "Gehunkid" {rElec rF++ AC+4}
 52166 | Zig:8    | Entered Level 8 of a ziggurat
 52195 | Zig:9    | Entered Level 9 of a ziggurat
 52263 | Zig:9    | Noticed a royal mummy
 52269 | Zig:9    | Noticed a royal mummy
 52271 | Zig:9    | Noticed a royal mummy
 52274 | Zig:9    | Killed a royal mummy
 52276 | Zig:9    | Killed a royal mummy
 52280 | Zig:9    | Killed a royal mummy
 52333 | Zig:9    | Acquired a Young Poisoner's Handbook
 52465 | Zig:10   | Entered Level 10 of a ziggurat
 52486 | Zig:10   | Reached skill level 15 in Shapeshifting
 52548 | Zig:10   | Identified the +10 flail "Fyudidotym" {freeze, rElec
                  | Stlth+}
 52559 | Zig:11   | Entered Level 11 of a ziggurat
 52627 | Zig:11   | Found the +5 Lochaber axe {reach-cleave, Poleaxe Drain}
 52642 | Zig:11   | Got Reweatsi's Compendium of the Wild Serac
 52643 | Zig:11   | Identified the ring of Xom's Flight of Fancy {AC+4 Dex+5
                  | Slay+3}
 52667 | Zig:11   | Identified the +9 flail "Geustek" {heavy, rPois rF+ rN+
                  | Stlth+}
 52671 | Zig:12   | Entered Level 12 of a ziggurat
 52683 | Zig:12   | Noticed an ancient lich
 52698 | Zig:12   | Killed an ancient lich
 52764 | Zig:13   | Entered Level 13 of a ziggurat
 52790 | Zig:13   | Reached XP level 26. HP: 196/196 MP: 38/38
 52847 | Zig:13   | Identified the +6 great sword "Liuzyx Qoe" {flame, *Slow
                  | Str+5}
 52865 | Zig:13   | Identified the +3 halberd of Suicidal Tendencies {spect,
                  | +Blink rPois Will+}
 52868 | Zig:13   | Identified the +8 quarterstaff of the Telling Visionary
                  | {venom, rF- Str+3 Dex+3 Stlth+}
 52877 | Zig:14   | Entered Level 14 of a ziggurat
 52919 | Zig:14   | Gained mutation: Your magical capacity is low. (-10% MP) [a
                  | cacodemon]
 52961 | Zig:14   | Reached skill level 15 in Translocations
 52961 | Zig:14   | Reached XP level 27. HP: 201/201 MP: 34/34
 52985 | Zig:15   | Entered Level 15 of a ziggurat
 52998 | Zig:15   | Noticed a dread lich
 52999 | Zig:15   | Noticed an ancient lich
 53003 | Zig:15   | Noticed a dread lich
 53022 | Zig:15   | Killed an ancient lich
 53023 | Zig:15   | Killed a dread lich
 53036 | Zig:15   | Found the +2 hood of the Assassin {Detect Stab+ Stlth++}
 53052 | Zig:15   | Identified the +6 falchion of the Rescuing Gods {elec, rF+
                  | rN+ Dex+4}
 53082 | Zig:15   | Acquired a book of Blood
 53087 | Zig:15   | Learned a level 2 spell: Wereblood
 53087 | Zig:15   | Acquired the Annotations on Pneumatic Destruction
 53099 | Zig:15   | Identified the +3 spear of Inconvenience {drain, rF+ rC-
                  | Int+2}
 53107 | Zig:16   | Entered Level 16 of a ziggurat
 53136 | Zig:16   | Reached skill level 1 in Transmutations
 53205 | Zig:16   | Identified the +2 orcbow "Fas Zedgh" {drain, rPois Int-3
                  | Dex+5}
 53207 | Zig:16   | Identified the ring "Layra" {Str+6 Int+4 Dex+2}
 53208 | Zig:16   | Identified the +8 chain mail of Words of Power {rF+}
 53215 | Zig:17   | Entered Level 17 of a ziggurat
 53238 | Zig:17   | Reached skill level 5 in Transmutations
 53366 | Zig:17   | Identified the +0 short sword "Iqeim" {freeze, Str+6 SInv}
 53407 | Zig:18   | Entered Level 18 of a ziggurat
 53425 | Zig:18   | Noticed a dread lich
 53433 | Zig:18   | Killed a dread lich
 53439 | Zig:18   | Noticed an ancient lich
 53453 | Zig:18   | Killed an ancient lich
 53551 | Zig:18   | Identified the +3 orcbow of the Equator {drain, Int+2}
 53565 | Zig:18   | Got Ceif's Information on the Sepulchral Torch
 53571 | Zig:19   | Entered Level 19 of a ziggurat
 53669 | Zig:19   | Identified the +5 falchion of the Kissing Gods {freeze,
                  | Will+ Dex+6}
 53686 | Zig:19   | Identified the ring of the Queen {rN+ Dex+7}
 53709 | Zig:19   | Identified the +1 long sword of the Fortune-Teller {venom,
                  | *Rage rPois Dex+6}
 53716 | Zig:19   | Identified the +1 leather armour of Foolhardiness {rElec}
 53722 | Zig:20   | Entered Level 20 of a ziggurat
 53889 | Zig:20   | Noticed a dread lich
 53891 | Zig:20   | Noticed an ancient lich
 53893 | Zig:20   | Noticed a dread lich
 53920 | Zig:20   | Killed a dread lich
 53930 | Zig:20   | Killed an ancient lich
 53949 | Zig:20   | Found the necklace of Bloodlust {Fury *Rage Will++ Int-3
                  | Slay+6}
 54000 | Zig:21   | Entered Level 21 of a ziggurat
 54227 | Zig:21   | Got the Volume of Productive Imprecation
 54234 | Zig:21   | Identified the ring "Zypluluy" {EV+5 Str+4}
 54240 | Zig:21   | Identified the ring of Seceun {Str+4 Int+2 SInv}
 54284 | Zig:21   | Identified the +11 mace "Kuxun" {freeze, Dex+3}
 54302 | Zig:22   | Entered Level 22 of a ziggurat
 54748 | Zig:22   | Got Zaqidun's Octavo of Spectres and the Fault
 54766 | Zig:22   | Identified the ring of Iruetadgh {rPois rN+}
 54772 | Zig:22   | Identified the +1 morningstar of Neonugidd {freeze, Str+4
                  | Int+4 Dex-4 Stlth+}
 54777 | Zig:23   | Entered Level 23 of a ziggurat
 54917 | Zig:23   | Noticed a dread lich
 54929 | Zig:23   | Killed a dread lich
 54930 | Zig:23   | Noticed an ancient lich
 54944 | Zig:23   | Killed an ancient lich
 55129 | Zig:23   | Got the Disquisition on Accompaniment
 55143 | Zig:23   | Identified the +5 quarterstaff "Gesuc" {flame, rElec Dex+3
                  | Stlth+}
 55144 | Zig:23   | Identified the +5 arbalest of Peace {penet, rF- Dex+2
                  | Stlth+}
 55150 | Zig:23   | Identified the +8 arbalest "Kudwofess" {penet, rN++ Int-5
                  | Dex+2}
 55157 | Zig:23   | Identified the +8 trident of Eczupt {antimagic, rElec rCorr
                  | Str+9 Dex-2}
 55201 | Zig:24   | Entered Level 24 of a ziggurat
 55262 | Zig:24   | Noticed Waricrae the pandemonium lord
 55281 | Zig:24   | Killed Waricrae the pandemonium lord
 55293 | Zig:24   | Found the +7 great mace "Firestarter" {flame, immolate,
                  | rFlCloud rF++}
 55293 | Zig:24   | Found the +8 Wrath of Trog {antimagic, *Rage Rampage}
 55307 | Zig:25   | Entered Level 25 of a ziggurat
 55369 | Zig:25   | Reached skill level 10 in Shields
 55561 | Zig:25   | Identified the +0 cloak of Zoutog {Int+2}
 55568 | Zig:25   | Identified the ring "Kegeur" {+Blink rN+ rCorr}
 55570 | Zig:25   | Identified the +1 pair of gloves "Vimniwit" {rN+}
 55601 | Zig:25   | Identified the +9 hand axe "Daic" {antimagic, Drain rPois
                  | Will- Str+2 Dex+4}
 55605 | Zig:26   | Entered Level 26 of a ziggurat
 55641 | Zig:26   | Noticed Docaran the pandemonium lord
 55646 | Zig:26   | Killed Docaran the pandemonium lord
 55659 | Zig:26   | Noticed Kour Mao the pandemonium lord
 55663 | Zig:26   | Killed Kour Mao the pandemonium lord
 55666 | Zig:26   | Noticed Tisauhan the pandemonium lord
 55666 | Zig:26   | Noticed Ulaoh the pandemonium lord
 55671 | Zig:26   | Killed Ulaoh the pandemonium lord
 55675 | Zig:26   | Noticed Zoyres the pandemonium lord
 55681 | Zig:26   | Killed Tisauhan the pandemonium lord
 55683 | Zig:26   | Noticed Gagim the pandemonium lord
 55685 | Zig:26   | Killed Zoyres the pandemonium lord
 55690 | Zig:26   | Killed Gagim the pandemonium lord
 55697 | Zig:26   | Noticed Wemot the pandemonium lord
 55698 | Zig:26   | Noticed Kaare the pandemonium lord
 55698 | Zig:26   | Noticed Wylaf the pandemonium lord
 55698 | Zig:26   | Noticed Cinuq the pandemonium lord
 55708 | Zig:26   | Killed Wemot the pandemonium lord
 55708 | Zig:26   | Noticed Nipokh the pandemonium lord
 55710 | Zig:26   | Killed Cinuq the pandemonium lord
 55710 | Zig:26   | Noticed Isaosagiodd the pandemonium lord
 55714 | Zig:26   | Killed Kaare the pandemonium lord
 55715 | Zig:26   | Noticed Riati the pandemonium lord
 55717 | Zig:26   | Noticed Useikk the pandemonium lord
 55718 | Zig:26   | Killed Wylaf the pandemonium lord
 55720 | Zig:26   | Killed Isaosagiodd the pandemonium lord
 55730 | Zig:26   | Killed Useikk the pandemonium lord
 55731 | Zig:26   | Noticed Beunir the pandemonium lord
 55731 | Zig:26   | Killed Nipokh the pandemonium lord
 55746 | Zig:26   | Killed Riati the pandemonium lord
 55747 | Zig:26   | Noticed Daca the pandemonium lord
 55747 | Zig:26   | Noticed Ymiehag the pandemonium lord
 55752 | Zig:26   | Killed Ymiehag the pandemonium lord
 55762 | Zig:26   | Killed Daca the pandemonium lord
 55764 | Zig:26   | Killed Beunir the pandemonium lord
 55925 | Zig:26   | Found the dreamshard necklace {Acrobat *Dream}
 55941 | Zig:26   | Identified the +3 sling of True Grit {drain, rElec}
 55983 | Zig:27   | Entered Level 27 of a ziggurat
 56301 | Zig:27   | Found the +7 sceptre of Torment {pain, torment}
 56310 | Zig:27   | Identified the amulet of Lonwy {rF- rC++ Regen+ Dex+4}
 56318 | Zig:27   | Identified the +5 scimitar "Vyunir" {pain, +Blink}
 56319 | Zig:27   | Identified the +10 glaive of Crusades {flame, rF+ Will+
                  | SInv}
 56320 | Zig:27   | Identified the +1 shortbow "Vitioch" {flame, Contam rPois
                  | rF+ rN++}
 56445 | Zot:1    | Reached skill level 5 in Stealth
 56932 | Zot:5    | Entered Level 5 of the Realm of Zot
 57752 | Zot:5    | Noticed an ancient lich
 57753 | Zot:5    | Noticed a dread lich
 57756 | Zot:5    | Killed an ancient lich
 57760 | Zot:5    | Killed a dread lich
 57815 | Zot:5    | Noticed an orb of fire
 57816 | Zot:5    | Noticed an orb of fire
 57819 | Zot:5    | Killed an orb of fire
 57820 | Zot:5    | Noticed an orb of fire
 57823 | Zot:5    | Killed an orb of fire
 57824 | Zot:5    | Noticed an orb of fire
 57827 | Zot:5    | Noticed an orb of fire
 57828 | Zot:5    | Gained mutation: You have hidden genetic defects. [an orb
                  | of fire]
 57833 | Zot:5    | Noticed an ancient lich
 57834 | Zot:5    | Killed an orb of fire
 57835 | Zot:5    | Killed an orb of fire
 57840 | Zot:5    | Noticed an orb of fire
 57843 | Zot:5    | Killed an orb of fire
 57849 | Zot:5    | Killed an orb of fire
 57853 | Zot:5    | Killed an ancient lich
 57854 | Zot:5    | Lost mutation: Your natural rate of healing is unusually
                  | fast. [potion of mutation]
 57854 | Zot:5    | Lost mutation: You have hidden genetic defects. [potion of
                  | mutation]
 57854 | Zot:5    | Gained mutation: You are mostly covered in large bone
                  | plates. (SH +6) [potion of mutation]
 57854 | Zot:5    | Gained mutation: You sometimes lose your temper in combat.
                  | [potion of mutation]
 57855 | Zot:5    | Lost mutation: You sometimes lose your temper in combat.
                  | [potion of mutation]
 57855 | Zot:5    | Lost mutation: Your magical capacity is low. (-10% MP)
                  | [potion of mutation]
 57855 | Zot:5    | Gained mutation: You have a pair of small antennae on your
                  | head. [potion of mutation]
 57855 | Zot:5    | Gained mutation: You are agile. (Dex +4, Str/Int -1)
                  | [potion of mutation]
 57920 | Zot:5    | Noticed an orb of fire
 57928 | Zot:5    | Killed an orb of fire
 57938 | Zot:5    | Got the Orb of Zot
 58449 | D:3      | Noticed Icuakir the pandemonium lord
 58456 | D:3      | Killed Icuakir the pandemonium lord
 58508 | D:$      | Escaped with the Orb!

Illustrated notes

Levels and vault maps discovered:
D:1:      eino_arrival_cavern_e, layout_loops_corners,
          shapermc_ecumenical_altar_mp_highgroup, minmay_misc_feat_room
D:2:      layout_basic, serial_shops, shop, nicolae_shop_rolled_up
D:3:      layout_basic, mainiacjoe_overflow_concentric_impassable, fountainhead,
          nicolae_houndstooth_variations, uniq_sigmund, uniq_ijyb
D:4:      layout_layer_cave, portal_sewer_entry_f, hex_medium
D:5:      layout_basic, grunt_temple_overflow_lords_of_destruction,
          nemelex_spade_bored_becter, mainiacjoe_overflow_tiny_flanked,
          minmay_temple_entry_butterflies, kennysheep_generic_room_8
D:6:      layout_loops_ring
D:7:      layout_loops_ring, minmay_microvault
D:8:      layout_basic, okawaru_ov_weapons_minmay, nicolae_uskayaw_suspiria
D:9:      layout_roguey, lemuel_tele_altar, cheibriados_altar_1,
          lemuel_mausoleum_altar_kikubaaqudgha, serial_shops, shop, worms_lemuel
D:10:     layout_basic, fedhas_altar_2, uniq_urug
D:11:     layout_small_grid, david_lair_shrubbed, uniq_fannar, uniq_amaemon
D:12:     minmay_curly_fans, layout_basic
D:13:     layout_roguey, erik_vaults_1, uniq_jorgrun, uniq_snorg, uniq_josephine
D:14:     layout_cave_pools, gammafunk_ghost_spectres, gauntlet_entry_generic,
          tgw_trog
D:15:     hangedman_depths_entry_civil_slaughter, layout_gridville,
          good_gods_mini_temple, portal_ice_cave_entry_pillars_2, tso_metal_star
Temple:   grunt_temple_mini_profane
Lair:1:   layout_cellular_growth, gammafunk_ghost_necromancy,
          lemuel_fruit_fields
Lair:2:   layout_cave_pods, shoals_dummy_entry, lemuel_fruit_tree
Lair:3:   layout_regular_city, minmay_snake_entry_guardpost_small, basic_altar,
          minmay_holes, serial_bayou_shore_a, uniq_gastronok
Lair:4:   layout_regular_city, beast_lair_carwin_5, uniq_nessos
Lair:5:   cheibrodos_lair_end_hotspot, layout_hall_layers,
          dpeg_slime_entry_enclosed, nicolae_lair_lindhole
Shoals:1: layout_shoals
Shoals:2: layout_shoals, uniq_polyphemus, uniq_donald
Shoals:3: layout_shoals
Shoals:4: shoals_end_grunt_ice, layout_shoals
Snake:1:  layout_concentric_octagons, uniq_kirke, uniq_aizul, uniq_nikola
Snake:2:  layout_rooms, uniq_mlioglotl
Snake:3:  layout_onion_interference, serial_shops, shop
Snake:4:  minmay_snake_end_coiled, layout_cave_town, minmay_shop_grove
Slime:1:  layout_caves
Slime:2:  layout_caves
Slime:3:  layout_caves
Slime:4:  layout_caves, nicolae_slime_crime_time, uniq_dissolution
Slime:5:  slime_pit_nicolae_royal_road_to_ruin
Orc:1:    layout_caves, enter_volcano_4
Orc:2:    st_orc_ogre_mass, layout_diamond_mine
Elf:1:    minmay_elf_arrival_circle, layout_onion_city, minmay_elf_annihilation
Elf:2:    nicolae_elf_blades_crystal_corner, layout_loops_corners,
          nicolae_take_the_stairs, drop_trap, st_stairs_3
Elf:3:    grunt_elf_hall_diamonds, layout_geoelf_octagon
Vaults:1: nicolae_vaults_network_quinsquares
          [nicolae_vaults_network_quincunx_subvault,
          nicolae_vaults_network_quincunx_subvault,
          nicolae_vaults_network_quincunx_subvault,
          nicolae_vaults_network_quincunx_subvault], vaults_room_pool,
          nicolae_vaults_closet_pinwheel_2, nicolae_vaults_crenellated_ambush,
          v_pattern_2, v_misc_27, vaults_room_grunt_arrival_ludios,
          grunt_vaults_swirl, layout_vaults_big_cross
Vaults:2: portal_desolation_entry_ruin, minmay_crypt_entry_simple_statues,
          nicolae_vaults_little_squares_3, nicolae_vaults_two_Ls,
          vaults_mumra_minichess, vaults_mumra_chevron,
          nicolae_vaults_little_squares_5, nicolae_vaults_trapezoid_lopsided_1,
          nicolae_vaults_sesquioval_fish, vaults_dpeg_emergency_exit,
          layout_vaults_omnigrid, serial_shops, shop_coins
Vaults:3: nicolae_vaults_octothorpe, vaults_room_hallway,
          ontoclasm_vaults_shuriken, nicolae_vaults_apartment_2,
          vaults_room_large_hall, st_eye, nicolae_vaults_border_crossing,
          nicolae_vaults_little_squares_4, layout_vaults_maze_snakey
Vaults:4: nicolae_vaults_statue_guard, nicolae_vaults_storage_closets_3,
          ontoclasm_vaults_misaligned, nicolae_vaults_back_hallway,
          grunt_vaults_focal, v_misc_11, v_misc_26,
          nicolae_vaults_sightless_eye, nicolae_vaults_wrenched,
          dpeg_vaults_monster_box, serial_ice_h, vaults_dpeg_diagonal,
          layout_vaults_ring
Depths:1: layout_roguey, hell_entry, nicolae_trove_entry_crystal,
          kennysheep_generic_room_11, serial_bayou_shore_b,
          serial_bayou_shore_b, minmay_shop_star, grunt_megastairs_3,
          serial_bayou_shore_b
Depths:2: lightli_eight_chambers, layout_gridlike, dreamdust_wishing_well,
          ploomutoo_gammafunk_ghost_potion_laboratory, hell_entry, pan_entry
Depths:3: kennysheep_scales, layout_honeycomb, minmay_room_of_horrors,
          hell_entry, nicolae_concentric_dashed_squares_mild, uniq_vv,
          uniq_saint_roka
Depths:4: evilmike_zot_entry_argh, layout_gridville, enter_ziggurat_b,
          rand_demon_pan_entry_9, hell_entry, chequers_hall_statues_wall_a,
          nicolae_kite_square_tiling_tiny
Zot:1:    layout_basic, grunt_megastairs_2
Zot:2:    gammafunk_its_a_trap, layout_misc_corridors
Zot:3:    layout_cathedral_of_symmetry, gammafunk_ghost_grave
Zot:4:    layout_gridlike
Zot:5:    layout_cellular_growth

Skill      XL: |  1  2  3  4  5  6  7  8  9 10 11 12 13 14 15 16 17 18 19 20 21 22 23 24 25 26 27 |
---------------+----------------------------------------------------------------------------------+-----
Stealth        | 2 5 |  5.0
Fighting       | 2 3 4 6 7 8 9 10 11 12 13 15 16 17 18 19 20 23 | 23.3
Dodging        | 3 4 5 6 7 8 9 10 11 12 13 14 15 20 | 20.7
Unarmed Combat | 4 5 7 8 9 10 11 12 13 14 17 18 19 20 21 24 | 24.7
Shapeshifting  | 4 5 6 7 8 9 10 11 12 13 15 24 | 24.1
Invocations    | 4 5 7 8 9 10 11 12 13 14 15 17 18 19 20 21 23 | 23.8
Evocations     | 3 5 |  5.0
Shields        | 3 5 6 8 10 | 10.0
Ice Magic      | 3 7 8 |  8.0
Spellcasting   | 3 4 10 11 | 11.5
Translocations | 3 8 10 11 12 13 15 | 15.8
Air Magic      | 1 6 |  6.0
Conjurations   | 5 6 |  6.0
Transmutations | 5 |  5.0

Action                     |  1- 3 |  4- 6 |  7- 9 | 10-12 | 13-15 | 16-18 | 19-21 | 22-24 | 25-27 || total
---------------------------+-------+-------+-------+-------+-------+-------+-------+-------+-------++-------
  Melee: Unarmed           |    49 |   109 |   249 |   356 |   610 |   852 |   953 |  1046 |  1631 ||  5855
         Constrict         |    17 |    24 |    67 |    63 |    87 |   140 |   188 |   129 |   151 ||   866
         Tentacles         |     9 |    20 |    68 |   105 |   178 |   285 |   335 |   363 |   305 ||  1668
         Punch             |       |     5 |    15 |    37 |    65 |   119 |   188 |   230 |   325 ||   984
         Lajatang          |       |       |       |     2 |       |       |       |       |       ||     2
         Maw               |       |       |       |       |    97 |   242 |   311 |   272 |    68 ||   990
         Staff             |       |       |       |       |       |       |     4 |       |       ||     4
   Fire: Hand crossbow     |       |       |    31 |    22 |     2 |       |       |       |       ||    55
  Throw: Stone             |       |     7 |     9 |       |       |       |       |       |       ||    16
         Dart              |       |       |       |     4 |       |     1 |       |       |       ||     5
   Cast: Ozocubu's Armour  |       |       |       |       |       |    18 |     3 |     3 |     4 ||    28
         Frozen Ramparts   |       |       |       |       |       |     5 |     3 |       |       ||     8
         Blink             |       |       |       |       |       |     1 |       |     1 |     2 ||     4
         Vhi's Electric Ch |       |       |       |       |       |    57 |   138 |   164 |   216 ||   575
         Manifold Assault  |       |       |       |       |       |       |     8 |   102 |    67 ||   177
         Iskenderun's Myst |       |       |       |       |       |       |       |       |    25 ||    25
         Apportation       |       |       |       |       |       |       |       |       |    11 ||    11
         Wereblood         |       |       |       |       |       |       |       |       |    26 ||    26
         Passage of Golubr |       |       |       |       |       |       |       |       |     3 ||     3
 Invoke: Upheaval          |       |       |     2 |     4 |     8 |     9 |    10 |    15 |    19 ||    67
         Elemental Force   |       |       |       |     1 |     6 |     6 |     1 |     3 |     1 ||    18
         Disaster Area     |       |       |       |       |     2 |       |       |     2 |    26 ||    30
Ability: Evoke Blink       |       |       |       |       |       |       |     1 |       |       ||     1
         Blinkbolt         |       |       |       |       |       |       |       |       |    11 ||    11
         Siphon Essence    |       |       |       |       |       |       |       |       |     3 ||     3
         Begin Untransform |       |       |       |       |       |       |       |       |     2 ||     2
  Evoke: Wand              |       |       |     2 |     3 |     6 |     5 |     6 |     9 |    12 ||    43
         Tin of tremorston |       |       |       |       |       |       |     2 |     4 |     7 ||    13
         Phantom mirror    |       |       |       |       |       |       |       |     1 |     1 ||     2
    Use: Potion            |     2 |     3 |       |     9 |     7 |       |     3 |     7 |    38 ||    69
         Scroll            |     1 |     4 |     9 |     6 |     6 |     1 |     4 |     5 |    33 ||    69
   Stab: Invisible         |       |       |       |       |    13 |       |     1 |       |    57 ||    71
         Paralysed         |       |       |       |       |       |    10 |       |     1 |     2 ||    13
         Held in net/web   |       |       |       |       |       |     1 |       |       |       ||     1
         Distracted        |       |       |       |       |       |       |     1 |     1 |       ||     2
         Petrifying        |       |       |       |       |       |       |       |       |     2 ||     2
         Petrified         |       |       |       |       |       |       |       |       |     3 ||     3
 Armour: Skin              |     9 |     4 |     3 |    15 |    47 |    46 |    33 |    57 |   346 ||   560
  Dodge: Dodged            |    33 |    77 |   209 |   265 |   380 |   434 |   305 |   331 |  1569 ||  3603
         Repelled          |       |       |     1 |     2 |     8 |    26 |     6 |    21 |    53 ||   117
  Block: Other             |       |     2 |    45 |    85 |   105 |     2 |       |       |   106 ||   345
         Buckler           |       |       |       |       |   310 |   792 |   529 |   469 |  1093 ||  3193
         Reflection        |       |       |       |       |    24 |   108 |    38 |    21 |     3 ||   194
         Form:             |       |       |       |       |     1 |       |       |       |       ||     1
         Blade             |       |       |       |       |     1 |       |       |       |       ||     1
         Maw               |       |       |       |       |     1 |     1 |       |       |       ||     2
         Anaconda          |       |       |       |       |       |     1 |       |       |       ||     1
         Statue            |       |       |       |       |       |       |       |       |     1 ||     1
         Death             |       |       |       |       |       |       |       |       |     4 ||     4
         Storm             |       |       |       |       |       |       |       |       |     2 ||     2

Table legend: (Time is in decaauts)
 A = Elapsed time spent in this place.
 B = Non-inter-level travel time spent in this place.
 C = Inter-level travel time spent in this place.
 D = Time resting spent in this place.
 E = Time spent auto-exploring this place.
 F = Levels seen in this place.
 G = Mean time per level.
                   A        B        C        D        E       F      G
               +--------+--------+--------+--------+--------+-----+--------+
         Total |  57645 |  52012 |   5633 |   7955 |  23562 |  85 |  678.2 |
       Dungeon |  14658 |  13026 |   1632 |   1292 |   8165 |  15 |  977.2 |
        Temple |      1 |      1 |      0 |      0 |      0 |   1 |    1.0 |
          Lair |   6972 |   5841 |   1131 |    813 |   3430 |   5 | 1394.4 |
        Shoals |   3846 |   3552 |    294 |    271 |   2079 |   4 |  961.5 |
     Snake Pit |   4207 |   3720 |    487 |    147 |   2170 |   4 | 1051.8 |
    Slime Pits |   2160 |   1973 |    187 |    765 |    139 |   5 |  432.0 |
  Orcish Mines |   1257 |   1061 |    196 |     78 |    607 |   2 |  628.5 |
   Elven Halls |   3804 |   3581 |    223 |    908 |   1593 |   3 | 1268.0 |
        Vaults |   5050 |   4842 |    208 |    422 |   2954 |   4 | 1262.5 |
        Depths |   6666 |   5552 |   1114 |   1304 |   1948 |   4 | 1666.5 |
           Zot |   1640 |   1484 |    156 |    287 |      0 |   5 |  328.0 |
      Ziggurat |   4844 |   4844 |      0 |   1246 |     29 |  27 |  179.4 |
         Trove |    101 |    101 |      0 |      0 |     38 |   1 |  101.0 |
         Sewer |    393 |    393 |      0 |    106 |     40 |   1 |  393.0 |
      Ice Cave |    211 |    211 |      0 |     74 |      0 |   1 |  211.0 |
       Volcano |    208 |    208 |      0 |      8 |     49 |   1 |  208.0 |
    Desolation |   1335 |   1335 |      0 |    206 |    228 |   1 | 1335.0 |
      Gauntlet |    284 |    284 |      0 |     25 |     93 |   1 |  284.0 |
               +--------+--------+--------+--------+--------+-----+--------+

Top non-repeatable levels by time:
Depths:2: 2428 daAuts
  Lair:2: 1618 daAuts
Depths:1: 1524 daAuts
  Lair:5: 1514 daAuts
  Lair:1: 1466 daAuts
   Elf:2: 1458 daAuts
    D:12: 1428 daAuts
Depths:3: 1416 daAuts
 Slime:5: 1415 daAuts
Vaults:4: 1413 daAuts
   Elf:3: 1383 daAuts
Vaults:1: 1373 daAuts
 Snake:4: 1365 daAuts
Desolation: 1335 daAuts
Depths:4: 1296 daAuts
